 Dungeon Crawl Stone Soup version 0.20-a0-270-g8e735b6 (webtiles) character file.

35 KristoblXynda the Slasher (level 3, -3/29 HPs)
             Began as a Draconian Gladiator on Dec 9, 2016.
             Slain by a human (6 damage)
             ... on level 2 of the Dungeon.
             The game lasted 00:02:35 (1383 turns).

KristoblXynda the Slasher (Draconian Gladiator)     Turns: 1383, Time: 00:02:36

Health: -3/29      AC:  5    Str: 17    XL:     3   Next: 17%
Magic:  3/3        EV: 13    Int:  9    God:
Gold:   165        SH:  0    Dex: 13    Spells: 2/2 levels left

rFire  . . .     SeeInvis .     a - +0 long sword
rCold  . . .     Gourm    .     (armour unavailable)
rNeg   . . .     Faith    .     (no shield)
rPois  .         Spirit   .     b - +0 hat
rElec  .         Reflect  .     (no cloak)
rCorr  .         Harm     .     (no gloves)
MR     .....                    (no boots)
Stlth  +.........               (no amulet)
                                (no ring)
                                g - +2 ring of dexterity

@: no status effects
A: unfitting armour, cold-blooded, AC +5
a: no special abilities


You were on level 2 of the Dungeon.
You were not hungry.

You visited 1 branch of the dungeon, and saw 2 of its levels.

You collected 165 gold pieces.

Inventory:

Hand Weapons
 a - a +0 long sword (weapon)
Missiles
 c - a throwing net (quivered)
Armour
 b - a +0 hat (worn)
Jewellery
 g - a +2 ring of dexterity (left hand)
Scrolls
 e - a scroll of enchant armour {unknown}
Potions
 h - 2 potions of brilliance
 i - a potion of mutation {unknown}
 j - 2 potions of flight {unknown}
 k - 2 potions of haste
 m - a potion of heal wounds {unknown}
Comestibles
 d - 2 bread rations
 f - a fruit
 n - a meat ration


   Skills:
 - Level 2.1 Fighting
 + Level 3.6 Long Blades
 + Level 2.4 Throwing
 + Level 3.0 Dodging


You had 2 spell levels left.
You didn't know any spells.

Dungeon Overview and Level Annotations

Branches:
Dungeon (2/15)

Altars:
Yredelemnul


Innate Abilities, Weirdness & Mutations

Your plain brown scales are hard. (AC +5)
You cannot fit into any form of body armour.
You are cold-blooded and may be slowed by cold attacks.


Message History

You hit the human. You tail-slap the human.
The human is heavily wounded.
The human struggles against the net.
You hit the human.
The human is severely wounded.
The human struggles against the net. x2
The net rips apart, and the human comes free!
You hit the human but do no damage.
The human is severely wounded.
The human hits you.
You barely miss the human.
You tail-slap the human, but do no damage.
The human is severely wounded.
The human hits you!
You hit the human.
The human is severely wounded.
The human hits you!
* * * LOW HITPOINT WARNING * * *
The human hits you.
You die...

##.........## ###......
##.........# ##........
#..........## #..#......
#...........## #.###.....
#............###.##......
#..........#.#......#..##
#.)........#.....###..###
##............#..#.....#.
##......@..#.............
#.......p..###...........
#.......K................
#..........###...........
#..........##..#.....)>..
#..........##.##..)......
##........###.###........
##.......#...# #......#.
#.####....### #.#......


You could see a human and a kobold.

Vanquished Creatures
  A worm (D:2)
  3 ball pythons (D:2)
  3 giant cockroaches (D:1)
  3 goblins (D:2)
  4 hobgoblins
  6 jackals
  A kobold (D:2)
  3 bats
  A frilled lizard (D:1)
  3 rats (D:1)
28 creatures vanquished.

Notes
Turn   | Place    | Note
-------+----------+-------------------------------------------
     0 | D:1      | KristoblXynda the Draconian Gladiator began the quest for the Orb.
     0 | D:1      | Reached XP level 1. HP: 17/17 MP: 1/1
   257 | D:1      | Reached XP level 2. HP: 21/24 MP: 2/2
   773 | D:2      | Reached XP level 3. HP: 12/29 MP: 3/3
  1079 | D:2      | Found a runed door.
  1079 | D:2      | Noticed a human
  1083 | D:2      | Found a basalt altar of Yredelemnul.
  1383 | D:2      | Slain by a human

Vault maps used:
D:1:      eino_arrival_water_cross
D:2:      dk_yredelemnul_ordeal

Skill      XL: |  1  2  3 |
---------------+----------+-----
Throwing       | 2 |  2.4
Dodging        | 3 |  3.0
Fighting       | |  2.1
Long Blades    | |  3.6

Action                   || total
-------------------------++-------
Melee: Long sword        ||    71
       Tailslap          ||     7
Throw: Throwing net      ||     2
  Use: Scroll            ||     2
 Stab: Distracted        ||     1
       Held in net/web   ||     1
  Eat: Fruit             ||     2
Armor: Skin              ||    25
Dodge: Dodged            ||    53
       Rpst.: Long sword ||    24
